 Dungeon Crawl Stone Soup version 0.26-a0-651-gb41185065b (webtiles) character file.

Game seed: 14855507515278094453

2645 tof the Skirmisher (level 9, -5/72 HPs)
             Began as a Demonspawn Gladiator on Sept 29, 2020.
             Was an Initiate of Ru.
             Slain by a two-headed ogre
             ... wielding a +0 giant spiked club
              (33 damage)
             ... on level 8 of the Dungeon.
             The game lasted 00:19:41 (7755 turns).

tof the Skirmisher (Demonspawn Gladiator)           Turns: 7755, Time: 00:19:42

Health: -5/72      AC: 10    Str: 18    XL:     9   Next: 35%
Magic:  9/9        EV: 13    Int:  9    God:    Ru [......]
Gold:   855        SH:  0    Dex: 15    Spells: 8/8 levels left

rFire    . . .     SeeInvis .   p - +3 quarterstaff (chaos)
rCold    . . .     Faith    .   (shield currently unavailable)
rNeg     . . .     Spirit   .   i - +0 scale mail
rPois    .         Reflect  .   y - +0 hat
rElec    .         Harm     .   q - +0 cloak {rCorr}
rCorr    +         Rampage  .   (no gloves)
MR       .....                  (no boots)
Stlth    ..........             (no amulet)
HPRegen  0.22/turn              (no ring)
MPRegen  0.11/turn              (no ring)

@: no status effects
A: hooves 1, slimy green scales 2, demonic guardian 2, no stealth
a: Renounce Religion


You were on level 8 of the Dungeon.
You worshipped Ru.
Ru was noncommittal.
You visited 2 branches of the dungeon, and saw 9 of its levels.
You also visited: Bailey.

You collected 855 gold pieces.

Inventory:

Hand Weapons
 a - a +0 quarterstaff
 p - a +3 quarterstaff of chaos (weapon)
Missiles
 d - 3 throwing nets (quivered)
Armour
 c - a +0 helmet
 h - the +10 tower shield of Ignorance {rN+ Int-4}
   (You found it in a bailey)

   It affects your intelligence (-4).
   It protects you from negative energy.
 i - a +0 scale mail (worn)
 q - a +0 cloak of preservation (worn)
 y - a +0 hat (worn)
Wands
 v - a wand of polymorph (16)
 x - a wand of iceblast (11)
 F - a wand of flame (16)
Scrolls
 g - a scroll of random uselessness
 k - 2 scrolls of blinking
 n - 3 scrolls of fog
 o - a scroll of teleportation
 r - a scroll of remove curse
 t - 2 scrolls of enchant weapon {unknown}
 w - a scroll of immolation {unknown}
 B - a scroll of identify
 D - a scroll of magic mapping
 E - a scroll of vulnerability {unknown}
Potions
 b - a potion of mutation {unknown}
 e - a potion of magic {unknown}
 j - 3 potions of heal wounds {unknown}
 l - 2 potions of invisibility {unknown}
 m - 2 potions of might {unknown}
 s - 3 potions of lignification {unknown}
 u - 4 potions of haste
 z - 4 potions of curing {unknown}
 A - 2 potions of flight {unknown}
 C - a potion of stabbing {unknown}
Miscellaneous
 f - a condenser vane (2/2)


   Skills:
 + Level 7.2 Fighting
 + Level 6.9 Staves
 - Level 1.7 Throwing
 + Level 2.4 Armour
 + Level 6.9 Dodging
 + Level 2.7 Evocations


You had 8 spell levels left.
You didn't know any spells.
Your spell library was empty.

Dungeon Overview and Level Annotations

Branches:
Dungeon (8/15)             Temple (1/1) D:5          Bailey (visited)
   Lair: D:8-11

Altars:
Ashenzari
Cheibriados
Dithmenos
Elyvilon
Fedhas
Gozag
Hepliaklqana
Kikubaaqudgha
Makhleb
Nemelex Xobeh
Okawaru
Qazlal
Ru
Sif Muna
Trog
Uskayaw
Vehumet
Wu Jian
Xom
Yredelemnul
Zin
The Shining One

Annotations:
D:5 5 runed translucent doors


Innate Abilities, Weirdness & Mutations

You have large cloven feet.
You are mostly covered in slimy green scales. (AC +3)
A demonic guardian rushes to your aid.
You cannot be stealthy.


Message History

There is an open door here.
s - 3 murky silvery potions (gained 1)
You now have 855 gold pieces (gained 9).
A two-headed ogre comes into view.
It is wielding a +0 giant spiked club and a +0 giant club.
The two-headed ogre shouts in stereo!
You hit the two-headed ogre.
The two-headed ogre is poisoned.
The two-headed ogre is lightly wounded.
The two-headed ogre hits you with a +0 giant spiked club!
The two-headed ogre hits you with a +0 giant club!
You hit the two-headed ogre. You kick the two-headed ogre.
The two-headed ogre is moderately wounded.
You sock the two-headed ogre!
The two-headed ogre is heavily wounded.
The two-headed ogre hits you with a +0 giant spiked club!!
The two-headed ogre closely misses you.
You hit the two-headed ogre.
The two-headed ogre seems to speed up.
You kick the two-headed ogre.
The two-headed ogre is severely wounded.
The two-headed ogre hits you with a +0 giant spiked club!!
You die...

........#########
.........##......#
........+.......#
#.......##......#
###..####.#.......#
...............>.#
##..###.........#####
##.....#.)..........
#3@##.#............
#.O...#............
#..................
#.#..##..#.........
#.#<.....'.........
#.#...#..#.........
..........#.....#..##########
.........###......#
#.............#...#


You could see a two-headed ogre (fast, very poisoned) and a friendly soul eater
(summoned).

Vanquished Creatures
  Joseph (D:7)
  Sigmund (D:6)
  Edmund (D:6)
  4 orc warriors
  2 ice beasts
  A sky beast (D:7)
  An ogre (D:7)
  A centaur (D:7)
  A bullfrog (D:6)
  2 scorpions
  A howler monkey (D:6)
  A bullfrog zombie (D:6)
  A hound (D:5)
  2 jellies
  3 orc priests
  Crazy Yiuf (D:3)
  5 orc wizards
  2 centaur skeletons (D:6)
  4 iguanas
  A worker ant (D:6)
  A hound skeleton (D:7)
  2 worker ant zombies
  A howler monkey zombie (D:7)
  Robin (D:3)
  3 howler monkey skeletons
  7 gnolls
  2 adders
  2 shadow imps
  A white imp (D:8)
  2 ufetubi
  An ooze (D:3)
  An adder zombie (D:6)
  5 worms
  A dart slug (D:1)
  6 leopard geckos
  18 orcs
  A ball python (D:7)
  4 giant cockroaches
  18 goblins
  9 hobgoblins
  6 jackals (D:1)
  2 kobolds (D:3)
  4 quokkas
  A ball python skeleton (D:4)
  9 bats
  6 frilled lizards
  A jackal zombie (D:5)
  2 quokka skeletons
  3 rats (D:3)
156 creatures vanquished.

Vanquished Creatures (collateral kills)
  2 orc warriors
  A black bear (D:6)
  A howler monkey (D:5)
  A bullfrog skeleton (D:4)
  An orc (D:6)
6 creatures vanquished.

Vanquished Creatures (others)
  3 fungi (D:3)
3 creatures vanquished.

Grand Total: 165 creatures vanquished

Notes
Turn   | Place    | Note
-------+----------+-------------------------------------------
     0 | D:1      | tof the Demonspawn Gladiator began the quest for the Orb.
     0 | D:1      | Reached XP level 1. HP: 16/16 MP: 1/1
   328 | D:1      | Gained mutation: You are partially covered in slimy green
                  | scales. (AC +2) [demonic ancestry]
   328 | D:1      | Reached XP level 2. HP: 19/22 MP: 2/2
   731 | D:2      | Reached XP level 3. HP: 26/28 MP: 3/3
  1522 | D:3      | Reached skill level 3 in Fighting
  1535 | D:3      | Gained mutation: You have large cloven feet. [demonic
                  | ancestry]
  1535 | D:3      | Reached XP level 4. HP: 27/35 MP: 4/4
  2068 | D:3      | Reached XP level 5. HP: 33/41 MP: 5/5
  2148 | D:3      | Found a runed translucent door.
  2149 | D:3      | Noticed Crazy Yiuf
  2158 | D:3      | Killed Crazy Yiuf
  2345 | D:3      | Noticed Robin
  2480 | D:3      | Killed Robin
  2750 | D:3      | Reached skill level 4 in Fighting
  2819 | D:3      | Gained mutation: A weak demonic guardian rushes to your
                  | aid. [demonic ancestry]
  2819 | D:3      | Reached XP level 6. HP: 46/48 MP: 6/6
  3073 | D:4      | Found an iron altar of Okawaru.
  3393 | D:5      | Entered Level 5 of the Dungeon
  3597 | D:5      | Noticed a water moccasin
  3597 | D:5      | Noticed a soldier ant
  3601 | D:5      | Found the +9 staff of Olgreb {rPois∞}
  3604 | D:5      | Found a runed translucent door.
  3626 | D:5      | Noticed a soldier ant
  3627 | D:5      | Found a runed translucent gate.
  3627 | D:5      | Found a runed translucent gate.
  3638 | D:5      | Found a runed translucent gate.
  3640 | D:5      | Noticed a water moccasin
  3640 | D:5      | Noticed a water moccasin
  3640 | D:5      | Noticed a water moccasin
  3646 | D:5      | Found a runed translucent door.
  3861 | D:5      | Found a basalt altar of Yredelemnul.
  3862 | D:5      | Found an ancient bone altar of Kikubaaqudgha.
  3862 | D:5      | Found a shadowy altar of Dithmenos.
  3863 | D:5      | Found a radiant altar of Vehumet.
  3953 | D:5      | Found a staircase to the Ecumenical Temple.
  3962 | Temple   | Entered the Ecumenical Temple
  4058 | Temple   | Became a worshipper of Ru the Awakened
  4123 | D:6      | Noticed Sigmund
  4154 | D:6      | Killed Sigmund
  4154 | D:6      | Gained mutation: A demonic guardian rushes to your aid.
                  | [demonic ancestry]
  4154 | D:6      | Reached XP level 7. HP: 42/55 MP: 7/7
  4337 | D:6      | Noticed Edmund
  4346 | D:6      | Killed Edmund
  4346 | D:6      | Reached skill level 5 in Fighting
  4346 | D:6      | Reached skill level 5 in Staves
  4346 | D:6      | Reached skill level 5 in Dodging
  5088 | D:6      | Gained mutation: You are mostly covered in slimy green
                  | scales. (AC +3) [demonic ancestry]
  5088 | D:6      | Reached XP level 8. HP: 63/64 MP: 8/8
  5237 | D:6      | Reached skill level 6 in Fighting
  5596 | D:7      | Found a flagged portal.
  5655 | D:7      | Gained mutation: You cannot be stealthy. [Ru sacrifice]
  5657 | Bailey   | Entered a bailey
  5802 | Bailey   | Found the +10 tower shield of Ignorance {rN+ Int-4}
  5918 | Bailey   | Found an iron altar of Okawaru.
  6146 | D:7      | Found a broken altar of Ashenzari.
  6172 | D:7      | Found a snail-covered altar of Cheibriados.
  6308 | D:7      | Reached skill level 1 in Armour
  6308 | D:7      | Reached skill level 1 in Evocations
  6381 | D:7      | Noticed Joseph
  6391 | D:7      | Killed Joseph
  6391 | D:7      | Reached XP level 9. HP: 35/71 MP: 9/9
  6600 | D:7      | Reached skill level 7 in Fighting
  7750 | D:8      | Noticed a two-headed ogre
  7755 | D:8      | Slain by a two-headed ogre

Illustrated notes

Levels and vault maps discovered:
D:1:      saegor_arrival_simple_a, layout_loops_ring
D:2:      layout_rooms
D:3:      layout_basic, uniq_robin, uniq_crazy_yiuf_cottage
D:4:      layout_basic, okawaru_trees_2
D:5:      layout_cave_pools, minitemple, temple_hall, minmay_misc_feat_chi,
          minmay_guarded_unrand_staff_of_olgreb
D:6:      wander_river, layout_gridville, uniq_edmund, uniq_sigmund
D:7:      layout_loops_cross, kennysheep_mini_moat,
          nicolae_ashenzari_panopticon, enter_bailey_3, uniq_joseph
D:8:      layout_basic
Temple:   nicolae_temple_x_marks_the_god

Skill      XL: |  1  2  3  4  5  6  7  8  9 |
---------------+----------------------------+-----
Staves         | 3 4 5 6 |  6.9
Dodging        | 3 4 5 6 |  6.9
Fighting       | 3 4 5 6 7 |  7.2
Armour         | 1 2 |  2.4
Evocations     | 1 2 |  2.7
Throwing       | |  1.7

Action                   |  1- 3 |  4- 6 |  7- 9 || total
-------------------------+-------+-------+-------++-------
Melee: Quarterstaff      |   136 |   141 |   213 ||   490
       Kick              |       |    48 |    69 ||   117
Invok: Sacrifice Stealth |       |       |     1 ||     1
  Use: Scroll            |       |       |     8 ||     8
 Stab: Confused          |       |       |     2 ||     2
       Petrified         |       |       |     1 ||     1
       Paralysed         |       |       |     1 ||     1
Armor: Leather armour    |     7 |       |       ||     7
       Scale mail        |    84 |    65 |    78 ||   227
Dodge: Dodged            |   104 |    76 |   163 ||   343

Table legend: (Time is in decaauts)
 A = Elapsed time spent in this place.
 B = Non-inter-level travel time spent in this place.
 C = Inter-level travel time spent in this place.
 D = Time resting spent in this place.
 E = Time spent auto-exploring this place.
 F = Levels seen in this place.
 G = Mean time per level.
                   A        B        C        D        E       F      G
               +--------+--------+--------+--------+--------+-----+--------+
         Total |   7786 |   7609 |    177 |   2840 |   3193 |  10 |  778.6 |
       Dungeon |   7371 |   7198 |    173 |   2637 |   3115 |   8 |  921.4 |
        Temple |    100 |     96 |      4 |      0 |     39 |   1 |  100.0 |
        Bailey |    314 |    314 |      0 |    203 |     39 |   1 |  314.0 |
               +--------+--------+--------+--------+--------+-----+--------+

Top non-repeatable levels by time:
     D:7: 1591 daAuts
     D:6: 1440 daAuts
     D:3: 1196 daAuts
     D:2: 998 daAuts
     D:1: 756 daAuts
     D:5: 605 daAuts
     D:4: 462 daAuts
     D:8: 320 daAuts
  Bailey: 314 daAuts
  Temple: 100 daAuts
